AoeStats
← ASMODEUS7743

Nomad

506433098Analyzed
4v4 RM · 18d ago on Sep 13, 2026· 30m 31s· 8 players
Game mode
Random Map
Map size
231×231
Population
200
Speed
Normal
Resources
Standard
Victory
Conquest
Starting age
Dark Age
Ending age
Imperial Age
RankedLock teamsTeams togetherTeam positionsShared explorationLock speedFull tech treeHidden civsTurbo modeCheats
Victory
Defeat
🇯🇵 Koreans · Japan
1258
+15
🇨🇦 Spanish · Canada
1254
+15
🇨🇦 Malay · Canada
1237
+16
🇨🇳 Vietnamese · China
1236
+16
🇪🇸 Italians · Spain
1286
-18
🇪🇸 Armenians · Spain
1239
-16
🇨🇳 Persians · China
1216
-15
🇲🇽 Poles · Mexico
1182
-13
KING
3:05 Loom
12:58 Feudal Age
17:15 Castle Age
18:27 Fletching
19:07 Bodkin Arrow
20:14 Double-Bit Axe
21:34 Bow Saw
23:05 Padded Archer Armor
24:52 Horse Collar
25:53 Leather Archer Armor
27:33 Wheelbarrow
27:13 Heavy Plow
29:33 Hand Cart
30:25 Gold Mining
Amazon Shopping
15:43 Feudal Age
16:05 Double-Bit Axe
16:12 Fishing Lines
17:36 Gold Mining
23:29 Castle Age
21:51 Fletching
22:03 Padded Archer Armor
22:17 Stone Mining
22:56 Loom
23:48 Wheelbarrow
24:29 Bow Saw
24:11 Gillnets
25:38 Hand Cart
27:00 Gold Shaft Mining
27:22 Stone Shaft Mining
29:37 Husbandry
29:50 Forging
31:03 Medium Warships
好邻居
3:28 Loom
13:51 Feudal Age
20:14 Fletching
23:39 Wheelbarrow
27:01 Double-Bit Axe
27:14 Horse Collar
27:22 Man-at-Arms
30:06 Forging
30:21 Arson
纸火
6:15 Loom
15:05 Feudal Age
17:16 Town Watch
20:56 Castle Age
18:39 Horse Collar
18:58 Double-Bit Axe
22:05 Fletching
24:07 Bow Saw
locoacosta
5:54 Loom
14:33 Feudal Age
15:07 Double-Bit Axe
21:41 Castle Age
20:19 Fletching
Bz-8168948
8:56 Loom
14:52 Feudal Age
16:13 Double-Bit Axe
19:01 Castle Age
16:47 Horse Collar
20:39 Bow Saw
22:25 Wheelbarrow
22:39 Heavy Plow
23:32 Fletching
24:14 Hand Cart
26:06 Forging
pataka
10:57 Loom
14:38 Feudal Age
20:20 Castle Age
18:10 Town Watch
ASMODEUS7743
6:35 Loom
15:15 Feudal Age
17:32 Double-Bit Axe
18:57 Fletching
21:21 Castle Age
21:28 Fishing Lines
22:43 Medium Warships
23:54 Wheelbarrow
24:18 Gillnets
Connection lost

Rejoining the realm…

Still unreachable

The connection could not be restored.

Session expired

The server has moved on; the page needs a fresh start.